 Dungeon Crawl Stone Soup version 0.31-a0-1159-g800acc2fd1 (webtiles) character file.

Game seed: 65985663604283330

4 James the Ruffian (level 1, 0/13 HPs)
             Began as an Octopode Shapeshifter on Dec 8, 2023.
             Slain by a ball python (2 damage)
             ... on level 1 of the Dungeon.
             The game lasted 00:00:14 (130 turns).

James the Ruffian (Octopode Shapeshifter)            Turns: 130, Time: 00:00:15

Health: 0/13       AC:  1    Str: 13    XL:     1   Next: 70%
Magic:  1/1        EV: 13    Int: 12    God:
Gold:   0          SH:  0    Dex: 11    Spells: 0/0 levels left

rFire   . .          .
                       - Unarmed
rCold   . . .        (no shield)
rNeg    . . .        (helmet currently unavailable)
rPois   .            (no amulet)
rElec   .            (no ring)
rCorr   .            (no ring)
SInv    .            (no ring)
Will    .....        (no ring)
Stlth   ++           (no ring)
HPRegen 0.22/turn    (no ring)
MPRegen 0.07/turn    (no ring)
                     (no ring)

%: no passive effects
@: beast-form
A: beast (slay +1), almost no armour, amphibious, 8 rings, camouflage 1,
gelatinous body 1, (nimble swimmer 1), tentacles
a: Begin Untransformation


You were on level 1 of the Dungeon.
You were a hulking beast.
You visited 1 branch of the dungeon, and saw 1 of its levels.

Inventory:

Talismans
 b - a beast talisman
 c - a flux talisman
Potions
 a - a potion of lignification {!q}


   Skills:
 - Level 1.0 Fighting
 - Level 2.0 Dodging
 + Level 3.3 Unarmed Combat
 - Level 3.0 Shapeshifting


You couldn't memorise any spells.
You didn't know any spells.
Your spell library was empty.

Dungeon Overview and Level Annotations

Branches:
Dungeon (1/15)

Altars:


Innate Abilities, Weirdness & Mutations

You are a hulking beast.
Your limbs bulge with bestial killing power. (Slay +1)
You cannot wear most types of armour.
You are amphibious.
You can wear up to eight rings at the same time.
Your skin changes colour to match your surroundings (Stealth+).
Your rubbery body absorbs attacks. (AC +1, EV +1)
((You are camouflaged when in or above water. (Stealth+)))
You have tentacles for arms and can constrict up to eight enemies at once.


Message History

A bat comes into view.
A bat is nearby!
The helpless bat fails to defend itself.
You tentacle-slap the bat. Your grab misses the bat. The bat hits you.
The bat hits you.
You tentacle-slap the bat.
You kill the bat!
No target in view!
A hobgoblin and a rat come into view.
You tentacle-slap the hobgoblin but do no damage.
You grab the hobgoblin. You squeeze the hobgoblin.
You kill the hobgoblin!
You see here a hobgoblin corpse.
The rat bites you.
You tentacle-slap the rat.
You kill the rat!
No target in view!
You open the door. You open the door.
There is an open door here.
A kobold comes into view. It is wielding a +0 dagger.
A ball python comes into view.
A goblin comes into view. It is wielding a +0 club.
A goblin comes into view. It is wielding a +0 dagger.
The kobold shouts!
The goblin shouts! x2
The goblin barely misses you.
The ball python hisses angrily.
You closely miss the goblin. You grab the goblin. You constrict the goblin.
The kobold hits you with a +0 dagger. The goblin hits you with a +0 club.
* * * LOW HITPOINT WARNING * * *
The ball python closely misses you. x2
You release your grip on the goblin.
The kobold attacks as it pursues you! The kobold barely misses you.
A kobold comes into view. It is wielding a +0 short sword.
The goblin attacks as it pursues you! The goblin barely misses you.
The kobold throws a stone.
The stone closely misses you. The goblin attacks as it pursues you!
The goblin hits you with a +0 dagger.
* * * LOW HITPOINT WARNING * * *
The goblin attacks as it pursues you! The goblin closely misses you.
The goblin attacks as it pursues you! The goblin closely misses you.
The goblin attacks as it pursues you! The goblin hits you with a +0 dagger.
* * * LOW HITPOINT WARNING * * *
You closely miss the goblin. Your grab misses the goblin.
Your squeeze misses the goblin. The goblin hits you with a +0 dagger.
* * * LOW HITPOINT WARNING * * *
You tentacle-slap the goblin. You grab the goblin. You squeeze the goblin.
You kill the goblin!
You closely miss the ball python. You grab the ball python.
You constrict the ball python. The ball python bites you.
You die...

#......# #......# #######......'
######......#.....#
#############...........'.##...
#...........#...........#.##.⌠.
#...........#...........#.##..#
#...........##.###......#.##..#
#...........##h# #......#.....#
.......#.#######S# #......#.##.⌠.
#####..#...KK...g####....##.##...
...........gK........#+##......
#.....#############............
#+###. #............ ..
#............ ##. #............
.. #............


You could see a goblin, a ball python and a kobold.

Vanquished Creatures
  A bat (D:1)
  A goblin (D:1)
  A hobgoblin (D:1)
  A rat (D:1)
4 creatures vanquished.

Notes
Turn   | Place    | Note
-------+----------+-------------------------------------------
     0 | D:1      | James the Octopode Shapeshifter began the quest for the
                  | Orb.
     0 | D:1      | Reached XP level 1. HP: 13/13 MP: 1/1
   130 | D:1      | Slain by a ball python

Illustrated notes

Levels and vault maps discovered:
D:1:      scummos_arrival_simple_fountains, layout_basic, minmay_split_cup_large

Action                     || total
---------------------------++-------
  Melee: Unarmed           ||     8
         Constrict         ||     4
         Tentacles         ||     2
   Stab: Sleeping          ||     1
 Armour: Skin              ||     9
  Dodge: Dodged            ||     8

Table legend: (Time is in decaauts)
 A = Elapsed time spent in this place.
 B = Non-inter-level travel time spent in this place.
 C = Inter-level travel time spent in this place.
 D = Time resting spent in this place.
 E = Time spent auto-exploring this place.
 F = Levels seen in this place.
 G = Mean time per level.
                   A        B        C        D        E       F      G
               +--------+--------+--------+--------+--------+-----+--------+
         Total |    129 |    129 |      0 |      0 |     98 |   1 |  129.0 |
       Dungeon |    129 |    129 |      0 |      0 |     98 |   1 |  129.0 |
               +--------+--------+--------+--------+--------+-----+--------+

Top non-repeatable levels by time:
     D:1: 129 daAuts
